 Dungeon Crawl Stone Soup version 0.28-a0-730-g892d06dc2c (webtiles) character file.

Game seed: 10096397009556900274

62477 ytrimaz the Fencer (level 15, -7/198 HPs)
             Began as a Formicid Fighter on Oct 28, 2021.
             Was an Elder of Okawaru.
             Mangled by a saltling (14 damage)
             ... in the Desolation of Salt.
             The game lasted 00:39:36 (23414 turns).

ytrimaz the Fencer (Formicid Fighter)              Turns: 23414, Time: 00:39:37

Health: -7/198     AC: 34    Str: 37    XL:     15   Next: 46%
Magic:  22/23      EV:  2    Int:  9    God:    Okawaru [****..]
Gold:   225        SH:  7    Dex: 10    Spells: 14/14 levels left

rFire   . . .      SeeInvis .   v - +7 falchion of Timp {protect, rC+ rN+ Str+3}
rCold   + . .      Faith    .   c - +0 buckler
rNeg    + . .      Spirit   .   (armour currently unavailable)
rPois   +          Reflect  .   (helmet unavailable)
rElec   .          Harm     .   (cloak currently unavailable)
rCorr   .          Rampage  .   (gloves currently unavailable)
Will    +....                   (boots currently unavailable)
Stlth   +++.......              i - amulet of magic regeneration
HPRegen 0.43/turn               l - +6 ring of strength
MPRegen 0.43/turn               s - +4 ring of slaying

@: tree-form, heroic, finesse-ful, under a protective aura, very slightly
contaminated, studying Polearms, invisible
A: stationary, stasis, torment immunity, boosted hp, permanent stasis, dig
shafts and tunnels, (antennae 3), four strong arms, robust 1, strong 1
a: Renounce Religion, Heroism, Finesse


You were in the Desolation of Salt.
You worshipped Okawaru.
Okawaru was greatly pleased with you.
You were a tree.
You visited 5 branches of the dungeon, and saw 20 of its levels.
You also visited: Bailey, Ice Cave and Desolation.

You collected 1976 gold pieces.
You spent 1751 gold pieces at shops.

Inventory:

Hand Weapons
 a - a +2 falchion of electrocution
 t - a +1 great sword of freezing
 v - the +7 falchion of Timp (weapon) {protect, rC+ rN+ Str+3}
   (You bought it in a shop on level 7 of the Dungeon)

   It grants its wielder temporary protection when it strikes (+7 to AC).
   Str:       It affects your strength (+3).
   rC:        It protects you from cold.
   rN:        It protects you from negative energy.
 A - a +3 scimitar of holy wrath
 J - a +0 scimitar of flaming
Armour
 c - a +0 buckler (worn)
 e - +0 ice dragon scales
 r - +0 acid dragon scales
 y - the +3 cloak "Qojucsos" (melded) {rElec rC- Regen+}
   (You bought it in a shop on level 7 of the Dungeon)

   rC:        It makes you vulnerable to cold.
   rElec:     It insulates you from electricity.
   Regen:     It increases your rate of health regeneration.
 F - a +2 pair of gloves (melded)
 I - the +0 plate armour of Pesheybb (melded) {rCorr}
   (You bought it in a shop on level 7 of the Dungeon)

   rCorr:     It protects you from acid and corrosion.
Jewellery
 f - a ring of resist corrosion
 i - an amulet of magic regeneration (around neck)
 l - a +6 ring of strength (left branch)
 o - a ring of positive energy
 s - a +4 ring of slaying (right branch)
 w - an amulet of faith
Wands
 u - a wand of flame (75)
 x - a wand of mindburst (17)
 B - a wand of polymorph (5)
 G - a wand of acid (3)
Scrolls
 b - 3 scrolls of amnesia
 k - a scroll of noise
 m - 3 scrolls of fog
 C - 5 scrolls of fear
 D - a scroll of identify
 E - a scroll of brand weapon
 H - a scroll of vulnerability
Potions
 d - 2 potions of cancellation
 g - 3 potions of mutation
 h - 4 potions of curing
 j - 2 potions of invisibility
 n - 2 potions of ambrosia
 p - 3 potions of lignification
 q - 2 potions of brilliance


   Skills:
 + Level 12.0(17.0) Fighting
 * Level 16.2(21.2) Long Blades
 - Level 8.9(13.9) Axes
 + Level 10.8(15.8) Armour
 + Level 10.4(15.4) Shields
 * Level 11.9 Invocations


You had 14 spell levels left.
You didn't know any spells.
Your spell library contained the following spells:

 Spells                   Type           Power      Damage    Failure   Level
 Apportation              Tloc           0%         N/A       38%         1
 Freeze                   Ice            0%         1d3       38%         1
 Sting                    Tmut/Pois      0%         1d3       38%         1
 Ensorcelled Hibernation  Hex/Ice        0%         N/A       52%         2
 Poisonous Vapours        Pois/Air       0%         N/A       52%         2
 Frozen Ramparts          Ice            0%         1d2       77%         3
 Ignite Poison            Fire/Tmut/Pois 0%         N/A       77%         3
 Inner Flame              Hex/Fire       0%         N/A       77%         3
 Mephitic Cloud           Conj/Pois/Air  0%         N/A       77%         3
 Ozocubu's Armour         Ice            0%         N/A       77%         3
 Airstrike                Air            0%         N/A       99%         4
 Cause Fear               Hex            0%         N/A       99%         4
 Hailstorm                Conj/Ice       0%         3d3       99%         4
 Ice Form                 Ice/Tmut       0%         N/A       99%         4
 Olgreb's Toxic Radiance  Pois           0%         N/A       99%         4
 Alistair's Intoxication  Tmut/Pois      0%         N/A       100%        5
 Blade Hands              Tmut           0%         N/A       100%        5
 Borgnjor's Vile Clutch   Necr/Erth      0%         N/A       100%        5
 Freezing Cloud           Conj/Ice/Air   0%         6-21      100%        5
 Irradiate                Conj/Tmut      0%         3d13      100%        5
 Lightning Bolt           Conj/Air       0%         1d11      100%        5
 Eringya's Noxious Bog    Tmut/Pois      0%         N/A       100%        6
 Dragon Form              Tmut           0%         N/A       100%        7
 Ozocubu's Refrigeration  Ice            0%         4d5       100%        7
 Discord                  Hex            0%         N/A       100%        8
 Animate Skeleton         Necr           Unusable   N/A       N/A         1
 Summon Small Mammal      Summ           Unusable   N/A       N/A         1
 Tukima's Dance           Hex            Unusable   N/A       N/A         3
 Summon Ice Beast         Ice/Summ       Unusable   N/A       N/A         4
 Summon Lightning Spire   Summ/Air       Unusable   N/A       N/A         4

Dungeon Overview and Level Annotations

Branches:
Dungeon (15/15)            Temple (1/1) D:7            Lair (1/6) D:10
    Orc (2/2) D:9             Elf (1/3) Orc:2        Vaults (0/5) D:13
 Depths (0/4) D:15         Bailey (visited)           IceCv (visited)
Desolation (1/1)

Altars:
Ashenzari
Cheibriados
Dithmenos
Elyvilon
Fedhas
Gozag
Hepliaklqana
Kikubaaqudgha
Makhleb
Nemelex Xobeh
Okawaru
Qazlal
Ru
Sif Muna
Trog
Uskayaw
Vehumet
Wu Jian
Xom
Yredelemnul
Zin
The Shining One
Beogh

Shops:
D:7 ?[(((   D:10 (   Orc:2 =[(*

Annotations:
D:4 1 runed translucent door, SirDiesAlot's ghost, weakling MiDe
D:9 3 runed translucent doors, case's ghost, novice HuFi


Innate Abilities, Weirdness & Mutations

You are a tree.
Your roots penetrate the ground, keeping you stationary.
You cannot be teleported.
You are immune to unholy pain and torment.
Your maximum health is greatly increased.
Your equipment is partially melded.
You cannot be hasted, slowed, berserked, paralysed or teleported.
You can dig through walls and to a lower floor.
((You have a pair of large antennae on your head. (SInv)))
Your four strong arms can wield two-handed weapons with a shield.
You are robust. (+10% HP)
Your muscles are strong. (Str +2)


Message History

* * * LOW HITPOINT WARNING * * *
The peacekeeper claws you.
* * * LOW HITPOINT WARNING * * *
The saltling hits you!
* * * LOW HITPOINT WARNING * * *
The saltling hits you.
* * * LOW HITPOINT WARNING * * *
The peacekeeper bites you but does no damage.
The peacekeeper claws you but does no damage.
The saltling hits you but does no damage. x2
Unknown command.
You can't see any enemies this would affect, really read the scroll of fear?
Okay, then.
Unknown command.
You fade into invisibility!
You block the peacekeeper's attack.
The peacekeeper claws you but does no damage.
The saltling barely misses you.
The saltling hits you but does no damage.
The peacekeeper bites you but does no damage.
The peacekeeper claws you but does no damage.
The saltling hits you but does no damage.
The peacekeeper roars a battlecry!
The golems go into a battle-frenzy!
The saltling hits you.
* * * LOW HITPOINT WARNING * * *
The saltling hits you but does no damage.
You block the saltling's attack.
You are very lightly contaminated with residual magic.
Unknown command.
You feel better.
The saltling no longer looks unusually strong. x2
The peacekeeper bites you but does no damage.
The peacekeeper claws you.
* * * LOW HITPOINT WARNING * * *
You block the peacekeeper's attack.
The peacekeeper claws you but does no damage.
The saltling hits you but does no damage. x2
The saltling hits you!
You die...

.........§ . ...
....§ .a.. .......
..{...#.....§§#
.....§§.§§§§§§§§
.....§..§§99§§§§§.
.......§.999§§§§..
........99♣99§§...
......§∩§9§9§§§...
.....§§§§§§§.§§.§.
.....§§§§§§§...§§
.....§§§§§§ .....
.....§§§§§§ .....
...........§ ....
......... .§ #..§
............


You could see a crystal guardian (strong), 3 peacekeepers and 7 saltlings.

Vanquished Creatures
  An orc warlord (Orc:2)
  A reaper (IceCv)
  2 very ugly things (D:15)
  Nessos (D:13)
  Snorg (Orc:2)
  2 ragged hierophants (Desolation)
  A great orb of eyes (D:15)
  3 hydras
  An ogre mage (D:15)
  3 centaur warriors
  5 boulder beetles
  6 two-headed ogres
  3 death yaks (D:10)
  2 dancing weapons (Elf:1)
  Urug (Lair:1)
  2 orc high priests
  2 wizards (D:13)
  A deep elf archer (Elf:1)
  An ironbound convoker (Desolation)
  A deep elf zephyrmancer (Elf:1)
  8 ugly things
  12 deep elf pyromancers
  A manticore (D:13)
  A faun (shapeshifter) (D:15)
  2 orc sorcerers (Orc:1)
  5 cyclopes
  A centaur zombie (D:11)
  An ice statue (IceCv)
  Maurice (D:12)
  Maggie (D:6)
  2 cane toads (Lair:1)
  A gargoyle (D:7)
  An unseen horror (D:12)
  A freezing wraith (D:15)
  An efreet (D:15)
  A komodo dragon (D:11)
  An anaconda simulacrum (IceCv)
  An entropy weaver simulacrum (IceCv)
  5 trolls
  3 meliai (D:15)
  A saltling (Desolation)
  A hornet (D:10)
  16 slime creatures
  An air elemental (Elf:1)
  2 vampires
  A shadow (D:10)
  2 dire elephant simulacra (IceCv)
  2 water elementals (Elf:1)
  A basilisk (D:14)
  25 yaks
  A wyvern (D:7)
  3 wraiths
  A death yak simulacrum (IceCv)
  3 wargs (Orc:2)
  3 steam dragons
  A harpy simulacrum (IceCv)
  4 vampire mosquitoes (D:12)
  2 acid dragons
  Duvessa (D:6)
  4 water moccasins
  A black bear (Lair:1)
  39 orc warriors
  A sky beast (D:6)
  2 ice beasts
  2 ogres (Orc:2)
  11 wolves
  8 centaurs
  2 phantoms (D:9)
  2 kobold brigands (D:9)
  6 bullfrogs
  2 gnoll sergeants
  4 cane toad simulacra (IceCv)
  A scorpion (D:6)
  Dowan (D:6)
  2 two-headed ogre simulacra (IceCv)
  A wyvern skeleton (D:5)
  3 troll zombies (D:9)
  17 killer bees
  3 wights (D:8)
  A howler monkey (D:9)
  2 electric eels (Lair:1)
  2 jellies (D:6)
  3 hounds
  A bullfrog skeleton (D:7)
  A gnoll shaman (D:7)
  17 orc priests
  An iron imp (D:5)
  A centaur skeleton (D:7)
  3 iguanas
  Natasha (thrice) (D:2)
  2 hell rats (D:10)
  31 orc wizards
  8 spriggan simulacra (IceCv)
  2 polar bear simulacra (IceCv)
  A killer bee zombie (D:9)
  7 troll simulacra (IceCv)
  A wolf simulacrum (IceCv)
  5 ogre zombies (D:9)
  A howler monkey zombie (D:6)
  Robin (D:3)
  8 adders
  15 gnolls
  7 naga simulacra (IceCv)
  2 river rats (D:10)
  10 white imps
  6 ufetubi
  3 dart slugs
  84 orcs
  4 bats
  6 endoplasms
  A giant cockroach (D:4)
  12 hobgoblins
  2 jackals (D:1)
  4 quokkas
  6 ball pythons
  4 frilled lizards
  16 goblins
  3 goblin skeletons
  4 goblin zombies
  3 hobgoblin skeletons (D:9)
  13 kobolds
  5 kobold zombies (D:5)
  4 orc skeletons
  17 orc zombies (D:9)
  2 rats
608 creatures vanquished.

Vanquished Creatures (others)
  10 fungi (D:10)
  16 plants
26 creatures vanquished.

Grand Total: 634 creatures vanquished

Notes
Turn   | Place    | Note
-------+----------+-------------------------------------------
     0 | D:1      | ytrimaz the Formicid Fighter began the quest for the Orb.
     0 | D:1      | Reached XP level 1. HP: 18/18 MP: 1/1
     1 | D:1      | Noticed a minotaur skeleton
   143 | D:1      | Found a faded altar of an unknown god.
   143 | D:1      | Noticed a shining eye
   146 | D:1      | Noticed a golden eye
   146 | D:1      | Noticed an eye of devastation
   146 | D:1      | Noticed a floating eye
   366 | D:1      | Reached XP level 2. HP: 24/24 MP: 2/2
  1046 | D:2      | Reached XP level 3. HP: 28/30 MP: 3/3
  1094 | D:2      | Noticed Natasha
  1099 | D:2      | Killed Natasha
  1100 | D:2      | Reached XP level 4. HP: 36/37 MP: 4/4
  1298 | D:2      | Found a shadowy altar of Dithmenos.
  1471 | D:2      | Reached XP level 5. HP: 37/42 MP: 5/5
  1702 | D:2      | Noticed Natasha
  1711 | D:2      | Killed Natasha
  1854 | D:2      | Noticed Natasha
  1868 | D:2      | Killed Natasha
  2568 | D:2      | Gained mutation: You are robust. (+10% HP) [potion of
                  | mutation]
  2568 | D:2      | Gained mutation: Your muscles are strong. (Str +2) [potion
                  | of mutation]
  2721 | D:3      | Found a sparkling altar of Nemelex Xobeh.
  2804 | D:3      | Noticed Robin
  2810 | D:3      | Reached XP level 6. HP: 50/53 MP: 6/6
  2813 | D:3      | Killed Robin
  2895 | D:3      | Found a basalt altar of Yredelemnul.
  3472 | D:4      | Reached skill level 5 in Axes
  3674 | D:4      | Found a runed translucent door.
  3674 | D:4      | Noticed SirDiesAlot's ghost (weakling MiDe)
  3864 | D:4      | Reached skill level 5 in Armour
  3864 | D:4      | Reached XP level 7. HP: 59/60 MP: 7/7
  4045 | D:5      | Entered Level 5 of the Dungeon
  4185 | D:5      | Found a glowing golden altar of the Shining One.
  4314 | D:5      | Found a shimmering blue altar of Sif Muna.
  4366 | D:5      | Found a radiant altar of Vehumet.
  4385 | D:5      | Found a hide-covered altar of Uskayaw.
  5114 | D:6      | Noticed Dowan
  5114 | D:6      | Noticed Duvessa
  5171 | D:6      | Killed Duvessa
  5178 | D:6      | Killed Dowan
  5179 | D:6      | Reached skill level 5 in Fighting
  5455 | D:6      | Reached XP level 8. HP: 25/68 MP: 8/8
  5815 | D:6      | Noticed Maggie
  5848 | D:6      | Killed Maggie
  6302 | D:6      | Reached XP level 9. HP: 62/75 MP: 9/9
  6614 | D:6      | You fall into a shaft and drop 2 floors!
  6911 | D:8      | Found a flagged portal.
  7053 | Bailey   | Entered a bailey
  7299 | Bailey   | Found a bloodstained altar of Trog.
  7518 | D:7      | Found Zaucod's Antique Weapon Boutique.
  7521 | D:7      | Bought a shimmering falchion for 144 gold pieces
  7521 | D:7      | Identified the +7 falchion of Timp {protect, rC+ rN+ Str+3}
                  | (You bought it in a shop on level 7 of the Dungeon)
  7533 | D:7      | Found a broken altar of Ashenzari.
  7640 | D:7      | Reached skill level 1 in Long Blades
  7644 | D:7      | Reached skill level 5 in Shields
  7651 | D:7      | Reached skill level 2 in Long Blades
  7816 | D:7      | Found an iron altar of Okawaru.
  7838 | D:7      | Became a worshipper of Warmaster Okawaru
  7941 | D:7      | Noticed a purple ugly thing
  7959 | D:7      | Killed a purple ugly thing
  7960 | D:7      | Reached skill level 4 in Long Blades
  7960 | D:7      | Reached XP level 10. HP: 52/86 MP: 10/10
  8221 | D:7      | Noticed a cyclops
  8234 | D:7      | Killed a cyclops
  8234 | D:7      | Reached * piety under Okawaru
  8235 | D:7      | Reached skill level 5 in Long Blades
  8366 | D:7      | Noticed a gargoyle
  8376 | D:7      | Killed a gargoyle
  8377 | D:7      | Found Suoxuzxa's Weapon Shoppe.
  8377 | D:7      | Found Ynwomeacs's Weapon Shoppe.
  8464 | D:7      | Found Zoniliom's Magic Scroll Shoppe.
  8465 | D:7      | Found Feumipn's Antique Armour Shoppe.
  8479 | D:7      | Found a staircase to the Ecumenical Temple.
  8933 | D:7      | Reached skill level 6 in Long Blades
  9428 | D:7      | Bought a spiked cloak for 266 gold pieces
  9428 | D:7      | Identified the +3 cloak "Qojucsos" {rElec rC- Regen+} (You
                  | bought it in a shop on level 7 of the Dungeon)
  9449 | Temple   | Entered the Ecumenical Temple
  9767 | D:8      | Reached skill level 1 in Invocations
 10033 | D:8      | Identified the +11 quarterstaff of the Known World {vorpal,
                  | rC+}
 10186 | D:8      | Found a glowing silver altar of Zin.
 10248 | D:8      | Reached skill level 7 in Long Blades
 10459 | D:9      | Reached ** piety under Okawaru
 10479 | D:9      | Reached XP level 11. HP: 80/94 MP: 12/12
 10655 | D:9      | Reached skill level 8 in Long Blades
 10977 | D:9      | Found a staircase to the Orcish Mines.
 11001 | D:9      | Found a sacrificial altar of Ru.
 11001 | D:9      | Noticed a five-headed hydra
 11102 | D:8      | You fall into a shaft and drop 3 floors!
 11177 | D:11     | Reached skill level 9 in Long Blades
 11297 | D:11     | Reached *** piety under Okawaru
 11479 | D:10     | Entered Level 10 of the Dungeon
 11479 | D:10     | Noticed a death yak
 11479 | D:10     | Noticed a death yak
 11479 | D:10     | Noticed a death yak
 11479 | D:10     | Found a staircase to the Lair.
 11693 | D:9      | Found a runed translucent gate.
 11693 | D:9      | Found a runed translucent gate.
 11693 | D:9      | Found a runed translucent gate.
 11693 | D:9      | Noticed case's ghost (novice HuFi)
 11736 | D:9      | Found a white marble altar of Elyvilon.
 11751 | D:9      | Found an opulent altar of Gozag.
 12379 | D:10     | Killed a death yak
 12393 | D:10     | Killed a death yak
 12393 | D:10     | Reached **** piety under Okawaru
 12394 | D:10     | Reached skill level 10 in Long Blades
 12411 | D:10     | Killed a death yak
 12460 | D:10     | Found Wuylorph's Antique Weapon Shop.
 12598 | D:10     | Found a blossoming altar of Fedhas.
 12656 | D:10     | Reached XP level 12. HP: 98/103 MP: 15/15
 12694 | D:10     | Reached skill level 5 in Invocations
 12791 | D:10     | Noticed a two-headed ogre
 12801 | D:10     | Killed a two-headed ogre
 12801 | D:10     | Reached ***** piety under Okawaru
 12802 | D:10     | Reached skill level 11 in Long Blades
 14148 | D:7      | Bought a pair of runed gloves for 210 gold pieces
 14262 | Lair:1   | Entered Level 1 of the Lair of Beasts
 14326 | Lair:1   | Found a frozen archway.
 14331 | IceCv    | Entered an ice cave
 14596 | IceCv    | Reached skill level 12 in Long Blades
 15405 | IceCv    | Noticed a reaper
 15429 | IceCv    | Killed a reaper
 15429 | IceCv    | Received a gift from Okawaru
 16316 | Lair:1   | Noticed Urug
 16333 | Lair:1   | Killed Urug
 16334 | Lair:1   | Reached XP level 13. HP: 111/112 MP: 12/18
 16702 | D:12     | Noticed a four-headed hydra
 16703 | D:12     | Noticed a seven-headed hydra
 16720 | D:12     | Noticed Maurice
 16731 | D:12     | Killed a seven-headed hydra
 16732 | D:12     | Reached skill level 13 in Long Blades
 16740 | D:12     | Killed a four-headed hydra
 16752 | D:12     | Killed Maurice
 16862 | D:12     | Noticed a boulder beetle
 17028 | D:12     | Killed a boulder beetle
 17358 | D:12     | Noticed a boulder beetle
 17375 | D:12     | Killed a boulder beetle
 17376 | D:12     | Reached skill level 10 in Fighting
 17435 | D:12     | Noticed a boulder beetle
 17455 | D:12     | Killed a boulder beetle
 17640 | D:12     | Reached skill level 14 in Long Blades
 18119 | D:13     | Found a gate to the Vaults.
 18542 | D:13     | Noticed Nessos
 18585 | D:13     | HP: 3/114 [Nessos/arrow (8)]
 18591 | D:13     | Killed Nessos
 18695 | D:14     | Noticed a centaur warrior
 18706 | D:14     | Killed a centaur warrior
 18729 | D:14     | Found a bloodstained altar of Trog.
 18743 | D:14     | Identified the +5 dagger "Worm's Wrath" {antimagic, rC+}
 18816 | D:14     | Noticed a centaur warrior
 18839 | D:14     | Killed a centaur warrior
 18840 | D:14     | Reached XP level 14. HP: 92/122 MP: 20/20
 19276 | D:15     | Entered Level 15 of the Dungeon
 19418 | D:15     | Received a gift from Okawaru
 19666 | D:15     | Reached skill level 15 in Long Blades
 19777 | D:15     | Reached skill level 10 in Invocations
 20572 | D:15     | Noticed a white very ugly thing
 20572 | D:15     | Noticed a red very ugly thing
 20590 | D:15     | Killed a white very ugly thing
 20591 | D:15     | Reached skill level 10 in Armour
 20605 | D:15     | Killed a white very ugly thing
 20624 | D:15     | Received a gift from Okawaru
 20939 | D:15     | Found a staircase to the Depths.
 21182 | D:7      | Bought a twisted plate armour for 784 gold pieces
 21182 | D:7      | Identified the +0 plate armour of Pesheybb {rCorr} (You
                  | bought it in a shop on level 7 of the Dungeon)
 21269 | Orc:1    | Entered Level 1 of the Orcish Mines
 21388 | Orc:2    | Entered Level 2 of the Orcish Mines
 21388 | Orc:2    | Found a staircase to the Elven Halls.
 21779 | Orc:2    | Found Gyskyfi's Assorted Antiques.
 21800 | Orc:2    | Bought a runed peridot ring for 160 gold pieces
 22138 | Orc:2    | Noticed an orc warlord
 22185 | Orc:2    | Killed an orc warlord
 22186 | Orc:2    | Reached XP level 15. HP: 91/130 MP: 23/23
 22206 | Orc:2    | Reached skill level 10 in Shields
 22266 | Orc:2    | Found Teiduhotz's Antique Weapon Shop.
 22358 | Orc:2    | Found Daemos's Antique Armour Boutique.
 22474 | Orc:2    | Bought a pair of glowing gloves for 187 gold pieces
 22623 | Orc:2    | Found Qylarch's Jewellery Shop.
 22719 | Orc:2    | Noticed Snorg
 22752 | Orc:2    | Killed Snorg
 23018 | Elf:1    | Entered Level 1 of the Elven Halls
 23042 | Elf:1    | Reached skill level 16 in Long Blades
 23045 | Elf:1    | Received a gift from Okawaru
 23293 | Elf:1    | Found a radiant altar of Vehumet.
 23366 | Elf:1    | Found a crumbling gateway.
 23380 | Desolati | Entered the Desolation of Salt
 23412 | Desolati | HP: 9/198 [saltling (10)]
 23412 | Desolati | HP: 4/198 [saltling (5)]
 23414 | Desolati | Mangled by a saltling

Illustrated notes

Levels and vault maps discovered:
D:1:      shiori_arrival_whats_in_store_for_you, layout_basic,
          hellmonk_ecumenical_altar_watching_god
D:2:      layout_basic, basic_altar, uniq_natasha
D:3:      layout_basic, mainiacjoe_overflow_paths,
          mainiacjoe_overflow_tiny_flanked, uniq_robin
D:4:      minmay_diamond_boxcup, layout_basic, hellmonk_ghost_happy_afterlife
D:5:      layout_loops_ring, mainiacjoe_overflow_six_doors_small,
          eat_drink_and_be_merry_uskayaw, nicolae_tso_besieged_by_evil,
          nicolae_vehumet_altar_sigil, minmay_misc_feat_x, kennysheep_nub,
          hangedman_decor_peaks_small
D:6:      layout_loops_ring, uniq_duvessa, uniq_maggie
D:7:      layout_basic, nicolae_ashenzari_skybound,
          nicolae_overflow_crystal_walls, minmay_temple_entry_overgrown,
          serial_shops, shop, corexii_corridor_pit, minmay_shop_grid_forest,
          kb_rosetta
D:8:      layout_basic, kennysheep_mini, enter_bailey_5, serial_glass,
          glass_columns_a, glass_columns_a
D:9:      layout_long_grid, mainiacjoe_overflow_catwalk,
          nicolae_gozag_cash_rules_everything_around_me,
          nicolae_ru_awakened_eye, zombieorc2_lemuel, gammafunk_ghost_spectres,
          minmay_increasing_density
D:10:     layout_gridville, fedhas_altar_3, dpeg_lair_monsters, serial_shops,
          nicolae_lakefront_shop
D:11:     layout_layer_cave, minmay_strange_pillars, hex_large
D:12:     layout_loops_ring, uniq_maurice
D:13:     layout_basic, david_vaults_1, uniq_nessos
D:14:     layout_roguey, serial_bayou_pond_c, minmay_misc_feat_roman,
          bloody_trog
D:15:     gammafunk_enter_depths_forms, layout_long_grid, hangedman_decor_lopped
Temple:   compressed_dpeg_triangle_lava_temple
Lair:1:   layout_layer_cave, portal_ice_cave_entry_pillars_1,
          serial_bayou_lagoon_b, uniq_urug
Orc:1:    layout_diamond_mine, uniq_jorgrun, uniq_fannar
Orc:2:    grunt_orc_community_town_hall, layout_diamond_mine,
          grunt_orc_community_big_house_1, grunt_orc_community_big_house_2,
          grunt_orc_community_house_2, grunt_orc_community_house_2,
          grunt_orc_community_house_3, grunt_orc_community_house_3,
          mines5_lemuel, uniq_snorg
Elf:1:    nicolae_elf_arrival_fired_up, layout_loops_ring,
          portal_desolation_entry_garden, minmay_elf_annihilation,
          david_defended_altar_elf, lemuel_upstairs_altar, uniq_nikola
Desolation

Skill      XL: |  1  2  3  4  5  6  7  8  9 10 11 12 13 14 15 |
---------------+----------------------------------------------+-----
Armour         | 4 5 6 7 8 9 10 | 10.8
Fighting       | 4 5 7 8 9 10 11 12 | 12.0
Axes           | 3 4 5 6 7 8 |  8.9
Shields        | 4 5 6 7 8 9 10 | 10.4
Long Blades    | 4 7 10 12 14 15 16 | 16.2
Invocations    | 2 4 7 9 11 | 11.9

Action                   |  1- 3 |  4- 6 |  7- 9 | 10-12 | 13-15 || total
-------------------------+-------+-------+-------+-------+-------++-------
Melee: War axe           |    51 |   170 |   220 |       |       ||   441
       Falchion          |       |       |    50 |  1025 |   888 ||  1963
       Unarmed           |       |       |       |       |    12 ||    12
       Mace              |       |       |       |       |     9 ||     9
       Great sword       |       |       |       |       |    97 ||    97
       Scimitar          |       |       |       |       |     7 ||     7
Invok: Heroism           |       |       |       |    40 |    38 ||    78
       Finesse           |       |       |       |     7 |    21 ||    28
 Abil: Dig               |       |     4 |       |    11 |     9 ||    24
       Shaft Self        |       |       |     1 |     1 |       ||     2
  Use: Scroll            |       |     3 |     8 |     8 |     4 ||    23
       Potion            |       |     2 |     2 |     3 |    11 ||    18
 Stab: Confused          |       |       |       |       |     1 ||     1
Armor: Scale mail        |    20 |    98 |    60 |       |       ||   178
       Acid dragon scale |       |       |    63 |   383 |       ||   446
       Skin              |       |       |    14 |       |    45 ||    59
       Ice dragon scales |       |       |       |    30 |   190 ||   220
       Plate armour      |       |       |       |       |   177 ||   177
Dodge: Dodged            |    21 |    81 |   149 |   431 |   313 ||   995
Block: Buckler           |    11 |    38 |    69 |   262 |   260 ||   640

Table legend: (Time is in decaauts)
 A = Elapsed time spent in this place.
 B = Non-inter-level travel time spent in this place.
 C = Inter-level travel time spent in this place.
 D = Time resting spent in this place.
 E = Time spent auto-exploring this place.
 F = Levels seen in this place.
 G = Mean time per level.
                   A        B        C        D        E       F      G
               +--------+--------+--------+--------+--------+-----+--------+
         Total |  22743 |  21820 |    923 |   3493 |  13297 |  23 |  988.8 |
       Dungeon |  17962 |  17151 |    811 |   2438 |  11241 |  15 | 1197.5 |
        Temple |    183 |    165 |     18 |      0 |    157 |   1 |  183.0 |
          Lair |   1090 |   1017 |     73 |      2 |    851 |   1 | 1090.0 |
  Orcish Mines |   1593 |   1572 |     21 |    311 |    675 |   2 |  796.5 |
   Elven Halls |    280 |    280 |      0 |     61 |      0 |   1 |  280.0 |
        Bailey |    417 |    417 |      0 |    305 |     14 |   1 |  417.0 |
      Ice Cave |   1195 |   1195 |      0 |    376 |    359 |   1 | 1195.0 |
    Desolation |     19 |     19 |      0 |      0 |      0 |   1 |   19.0 |
               +--------+--------+--------+--------+--------+-----+--------+

Top non-repeatable levels by time:
     D:7: 2126 daAuts
     D:2: 1655 daAuts
    D:11: 1556 daAuts
     D:6: 1490 daAuts
   Orc:2: 1478 daAuts
    D:15: 1451 daAuts
     D:9: 1367 daAuts
     D:8: 1245 daAuts
   IceCv: 1195 daAuts
     D:5: 1111 daAuts
  Lair:1: 1090 daAuts
    D:13: 1011 daAuts
     D:1: 990 daAuts
    D:10: 982 daAuts
     D:4: 862 daAuts
